 Dungeon Crawl Stone Soup version 0.29.1-1-gd02db6906a (console) character file.

Game seed: 15294703611629969293

14021 om the Severer (level 11, 0/89 HPs)
             Began as a Minotaur Fighter on Oct 11, 2022.
             Was an Initiate of Gozag.
             Slain by a cyan ugly thing (5 damage)
             ... on level 10 of the Dungeon.
             The game lasted 00:18:21 (13257 turns).

om the Severer (Minotaur Fighter)                  Turns: 13257, Time: 00:18:21

Health: 0/89       AC: 10    Str: 25    XL:     11   Next: 83%
Magic:  0/10       EV: 11    Int:  5    God:    Gozag
Gold:   2023       SH:  6    Dex: 10    Spells: 10/10 levels left

rFire   . . .      SeeInvis .   B - +0 war axe (flame)
rCold   + . .      Faith    .   c - +1 buckler
rNeg    . . .      Spirit   +   b - +0 scale mail
rPois   +          Reflect  .   (helmet restricted)
rElec   .          Harm     .   g - +0 cloak
rCorr   .          Rampage  .   (no gloves)
Will    .....                   (no boots)
Stlth   ..........              C - amulet of guardian spirit
HPRegen 0.24/turn               l - ring of protection from cold
MPRegen 0.12/turn               n - ring of poison resistance

@: about to teleport
A: horns 2, retaliatory headbutt
a: Renounce Religion, Potion Petition, Call Merchant, Bribe Branch


You were on level 10 of the Dungeon.
You worshipped Gozag.
Gozag was most pleased with you.
You visited 1 branch of the dungeon, and saw 11 of its levels.

You collected 2305 gold pieces.
You spent 238 gold pieces at shops.
You paid 44 gold pieces to Gozag.

Inventory:

Hand Weapons
 y - a +0 vampiric war axe
 B - a +0 war axe of flaming (weapon)
Missiles
 r - 2 throwing nets (quivered)
Armour
 b - a +0 scale mail (worn)
 c - a +1 buckler (worn)
 g - a +0 cloak (worn)
Jewellery
 d - a ring of protection from cold
 l - a ring of protection from cold (left hand)
 n - a ring of poison resistance (right hand)
 C - an amulet of guardian spirit (around neck)
Wands
 m - a wand of flame (14)
 u - a wand of polymorph (10)
 w - a wand of quicksilver (12)
 z - a wand of paralysis (5)
Scrolls
 a - a scroll of enchant weapon
 h - 2 scrolls of enchant armour
 i - 2 scrolls of fog
 k - 3 scrolls of teleportation
 o - 5 scrolls of magic mapping
 s - a scroll of torment
 F - 2 scrolls of fear {unknown}
 G - a scroll of silence {unknown}
Potions
 e - a potion of haste
 f - 8 potions of curing
 j - 2 potions of heal wounds
 p - 3 potions of lignification
 q - 3 potions of cancellation
 t - 2 potions of flight
 v - a potion of mutation
 x - a potion of brilliance {unknown}


   Skills:
 * Level 6.0 Fighting
 - Level 15.0 Axes
 - Level 10.1 Throwing
 - Level 10.0 Armour
 - Level 5.0 Dodging
 - Level 6.0 Shields
 * Level 0.1 Evocations


You had 10 spell levels left.
You didn't know any spells.
Your spell library contained the following spells:

 Spells                   Type           Power      Damage    Failure   Level
 Foxfire                  Conj/Fire      0%         2x1d4     80%         1
 Sandblast                Erth           0%         2d4       80%         1
 Shock                    Conj/Air       0%         1d3       80%         1
 Passwall                 Tmut/Erth      0%         N/A       91%         2
 Conjure Flame            Conj/Fire      0%         6-21      99%         3
 Inner Flame              Hex/Fire       0%         N/A       99%         3
 Ozocubu's Armour         Ice            0%         N/A       99%         3
 Stone Arrow              Conj/Erth      0%         3d7       99%         3
 Swiftness                Air            0%         N/A       99%         3
 Airstrike                Air            0%         2d(0-16)  100%        4
 Animate Armour           Summ/Erth      0%         N/A       100%        4
 Flame Wave               Conj/Fire      0%         2d4       100%        4
 Metabolic Englaciation   Hex/Ice        0%         N/A       100%        5
 Storm Form               Tmut/Air       0%         N/A       100%        7
 Lehudib's Crystal Spear  Conj/Erth      0%         10d2      100%        8
 Simulacrum               Ice/Necr       Unusable   N/A       N/A         6

Dungeon Overview and Level Annotations

Branches:
Dungeon (11/15)            Temple (0/1) D:6            Lair (0/5) D:10
    Orc: D:9-12

Altars:
Ashenzari
Elyvilon
Gozag
Kikubaaqudgha
Makhleb
Ru
Vehumet
Wu Jian
Xom
The Shining One

Shops:
D:2 (*:*(   D:6 =


Innate Abilities, Weirdness & Mutations

You have a pair of horns on your head.
You reflexively headbutt those who attack you in melee.


Message History

You slash the cyan ugly thing! You burn the cyan ugly thing.
The cyan ugly thing is moderately wounded.
The killer bee is no longer distracted by gold.
The cyan ugly thing tail-slaps you. The cyan ugly thing shocks you!
You climb upwards.
There is a stone staircase leading down here.
You closely miss the cyan ugly thing.
The cyan ugly thing is moderately wounded.
You hit the cyan ugly thing but do no damage.
The cyan ugly thing is moderately wounded.
The cyan ugly thing tail-slaps you!
* * * LOW HITPOINT WARNING * * *
The cyan ugly thing shocks you!
* * * LOW HITPOINT WARNING * * *
You hit the cyan ugly thing but do no damage.
You headbutt the cyan ugly thing, but do no damage.
The cyan ugly thing is moderately wounded.
The cyan ugly thing tail-slaps you but does no damage.
Unknown command.
You feel much better. The cyan ugly thing tail-slaps you.
The cyan ugly thing shocks you!
* * * LOW HITPOINT WARNING * * *
Okay, then.
Okay, then.
Blink to where?
Press: ? - help, Dir - move target
As you read the scroll of blinking, it crumbles to dust.
You close the door.
A cyan ugly thing opens the door.
As you read the scroll of teleportation, it crumbles to dust.
You feel strangely unstable.
Your surroundings suddenly seem different.
As you read the scroll of teleportation, it crumbles to dust.
You feel strangely unstable. The cyan ugly thing tail-slaps you.
* * * LOW HITPOINT WARNING * * *
The cyan ugly thing shocks you!
* * * LOW HITPOINT WARNING * * *
The cyan ugly thing tail-slaps you.
You die...
Your body crumbles into a pile of gold.

#######+##....#.########.........
#..###..##....#.#####.#..........
#..#..........#.##.#.............
#..#........>.#.#................
#..#######....#.##.#.............
#....#..##....'.#####.#..........
#....'..###'###.## ####.........
#....#..##..#....########.#......
#....#......#...@#....#.####...).
#....#......#..u.#....+..####..)#
#....#...........#....#...####)##
#....#..#..........#+##.....#....
...######..#.#####....#.....#....
...# #)...# #....'.....#.... ...#
#....# #....#.....#.... ...#
#....# #....#.....#.... ...#
#....# #..).#.....#####


You could see a cyan ugly thing.

Vanquished Creatures
  Erolcha (D:9)
  A boulder beetle (D:11)
  3 two-headed ogres
  Pikel (D:4)
  2 trolls (D:10)
  A shadow (D:9)
  4 wraiths
  3 wyverns
  12 yaks
  A warg (D:7)
  3 water moccasins
  8 orc warriors
  2 sky beasts
  3 ice beasts
  A black bear (D:5)
  15 ogres
  4 lemures (D:4)
  4 centaurs
  A kobold brigand (D:7)
  7 bullfrogs
  A necrophage (D:7)
  2 gnoll sergeants (D:7)
  5 scorpions
  8 wights (D:6)
  7 killer bees
  9 howler monkeys
  A jelly (D:7)
  14 hounds
  10 gnoll boudas
  10 orc priests
  6 iguanas
  13 orc wizards
  26 gnolls
  7 adders
  2 worms (D:3)
  A dart slug (D:2)
  34 orcs
  8 endoplasms
  2 giant cockroaches (D:4)
  9 hobgoblins
  6 jackals
  8 kobolds
  2 quokkas
  8 ball pythons
  2 bats
  4 frilled lizards
  8 goblins
  5 rats
295 creatures vanquished.

Vanquished Creatures (others)
  10 fungi
  30 plants
40 creatures vanquished.

Grand Total: 335 creatures vanquished

Notes
Turn   | Place    | Note
-------+----------+-------------------------------------------
     0 | D:1      | om the Minotaur Fighter began the quest for the Orb.
     0 | D:1      | Reached XP level 1. HP: 19/19 MP: 0/0
   226 | D:1      | Reached XP level 2. HP: 22/27 MP: 1/1
   336 | D:1      | Reached skill level 3 in Axes
   566 | D:1      | Found a faded altar of an unknown god.
   660 | D:2      | Found Qipnimeu's General Store.
   793 | D:2      | Reached XP level 3. HP: 27/33 MP: 2/2
   900 | D:2      | Found Quddil's Antique Weapon Boutique.
  1026 | D:2      | Found Pohar's Weapon Shoppe.
  1026 | D:2      | Found Lichyrph's General Store.
  1033 | D:2      | Reached skill level 1 in Dodging
  1047 | D:2      | Bought a scroll of identify for 20 gold pieces
  1171 | D:2      | Reached skill level 4 in Axes
  1171 | D:2      | Reached XP level 4. HP: 40/40 MP: 3/3
  1198 | D:2      | Found Hycoamoz's Book Shoppe.
  1887 | D:3      | Reached XP level 5. HP: 32/46 MP: 4/4
  1888 | D:3      | Reached skill level 5 in Axes
  2068 | D:3      | Found a radiant altar of Vehumet.
  2180 | D:3      | Found a white marble altar of Elyvilon.
  2188 | D:3      | Found a shimmering altar of Xom.
  2607 | D:4      | Reached skill level 6 in Axes
  2607 | D:4      | Reached XP level 6. HP: 40/52 MP: 5/5
  2704 | D:4      | Noticed Pikel
  2722 | D:4      | Killed Pikel
  2723 | D:4      | Reached skill level 8 in Axes
  2723 | D:4      | Reached skill level 9 in Axes
  2723 | D:4      | Reached XP level 7. HP: 28/59 MP: 6/6
  2957 | D:4      | Found an opulent altar of Gozag.
  3028 | D:4      | Became a worshipper of Gozag Ym Sagoz the Greedy
  3191 | D:2      | Bought a potion of mutation for 88 gold pieces
  3821 | D:5      | Entered Level 5 of the Dungeon
  3833 | D:5      | Reached XP level 8. HP: 53/66 MP: 7/7
  3902 | D:5      | Reached skill level 10 in Axes
  4337 | D:5      | Found a glowing golden altar of the Shining One.
  4490 | D:5      | Got the Tome of Terrestrial Transmigration
  4671 | D:5      | Reached skill level 5 in Fighting
  4671 | D:5      | Reached skill level 5 in Armour
  4671 | D:5      | Reached skill level 5 in Dodging
  4671 | D:5      | Reached skill level 5 in Shields
  4942 | D:6      | Found a broken altar of Ashenzari.
  5034 | D:6      | Found a burning altar of Makhleb.
  5223 | D:6      | Found a staircase to the Ecumenical Temple.
  5360 | D:6      | Reached skill level 11 in Axes
  5363 | D:6      | Reached XP level 9. HP: 55/74 MP: 8/8
  5627 | D:6      | Found Iguff's Jewellery Shoppe.
  5915 | D:7      | Reached skill level 12 in Axes
  5994 | D:2      | Bought a scroll of enchant weapon for 75 gold pieces
  6032 | D:2      | Bought a scroll of identify for 22 gold pieces
  6032 | D:2      | Bought a potion of attraction for 33 gold pieces
  6370 | D:7      | Reached skill level 13 in Axes
  7062 | D:7      | Noticed a two-headed ogre
  7071 | D:7      | Killed a two-headed ogre
  7072 | D:7      | Reached skill level 14 in Axes
  7072 | D:7      | Reached XP level 10. HP: 57/81 MP: 6/9
  7149 | D:7      | Reached skill level 15 in Axes
  8046 | D:8      | Noticed a two-headed ogre
  8195 | D:8      | Killed a two-headed ogre
  8646 | D:8      | Reached skill level 10 in Armour
  8972 | D:8      | Reached skill level 1 in Throwing
 10028 | D:8      | Reached XP level 11. HP: 88/89 MP: 10/10
 10423 | D:9      | Reached skill level 5 in Throwing
 10718 | D:9      | Noticed Erolcha
 10892 | D:9      | Killed Erolcha
 11190 | D:9      | Found an ornate altar of the Wu Jian Council.
 11605 | D:10     | Entered Level 10 of the Dungeon
 12126 | D:10     | Found a sacrificial altar of Ru.
 12533 | D:10     | Found an ancient bone altar of Kikubaaqudgha.
 12584 | D:10     | Found a staircase to the Lair.
 12695 | D:10     | Noticed a two-headed ogre
 12703 | D:10     | Killed a two-headed ogre
 13197 | D:11     | Noticed a boulder beetle
 13206 | D:11     | Killed a boulder beetle
 13207 | D:11     | Reached skill level 10 in Throwing
 13209 | D:11     | Noticed a cyan ugly thing
 13257 | D:10     | Slain by a cyan ugly thing

Illustrated notes

Levels and vault maps discovered:
D:1:      lemuel_arrival_broad_hall, layout_basic, ebering_ecumenical_altar_box,
          chequers_serial_rivers_micro_e
D:2:      layout_basic, serial_shops, shop, nicolae_square_shop, shop,
          shop_fountains, shop_fountains
D:3:      corexii_shack_village, layout_basic,
          mainiacjoe_overflow_catwalk_spiral, nicolae_overflow_crystal_walls
D:4:      layout_basic, lemuel_tele_altar, uniq_pikel
D:5:      layout_basic, tso_metal_star, minmay_misc_feat_tiny
D:6:      layout_gridville, mainiacjoe_overflow_chevrons,
          mainiacjoe_overflow_six_doors_small, minmay_temple_entry_overgrown,
          serial_shops, nicolae_take_the_stairs
D:7:      lemuel_castle_with_subvaults [lemuel_castle_interior_carwin_2],
          layout_basic
D:8:      kennysheep_seaside_town, layout_loops_ring
D:9:      layout_rooms, mainiacjoe_overflow_small_starburst, uniq_erolcha
D:10:     layout_gridville, old_standard_altar, marbit_many_paths,
          grunt_lair_entry_orc_guard_hut, nicolae_figureground_pulse
D:11:     layout_small_grid, david_orc_3

Skill      XL: |  1  2  3  4  5  6  7  8  9 10 11 |
---------------+----------------------------------+-----
Axes           | 3 4 6 9 11 14 15 | 15.0
Dodging        | 1 2 3 4 5 |  5.0
Shields        | 4 6 |  6.0
Fighting       | 4 5 6 |  6.0
Armour         | 4 5 10 | 10.0
Throwing       | 3 10 | 10.1
Evocations     | |  0.1

Action                   |  1- 3 |  4- 6 |  7- 9 | 10-12 || total
-------------------------+-------+-------+-------+-------++-------
Melee: War axe           |    80 |    88 |   206 |   391 ||   765
       Headbutt          |     6 |    14 |    35 |    69 ||   124
Evoke: Wand              |       |       |     1 |     4 ||     5
  Use: Scroll            |       |     8 |     2 |     8 ||    18
       Potion            |       |     3 |     1 |     2 ||     6
 Stab: Distracted        |       |       |     3 |     2 ||     5
       Paralysed         |       |       |       |     9 ||     9
Armor: Scale mail        |    41 |    36 |    68 |    81 ||   226
       Skin              |       |       |       |    10 ||    10
Dodge: Dodged            |    49 |    66 |   114 |   164 ||   393
Block: Buckler           |    20 |    32 |    45 |    84 ||   181
